TOP OF THE 1ST |
Nassau Rockets batting - Pitching for New Orleans Looters : RHP Marty Bradford
|
Pitching: RHP Marty Bradford
|
|
Batting: SHB Howard Parker
|
0-0: Ball 1-0: Called Strike 1-1: SINGLE (Line Drive, 56D)
|
Batting: LHB Rafael Delgado
|
0-0: Called Strike 0-1: Ball 1-1: Ball 2-1: Foul Ball, location: 2F 2-2: Strikes out looking
|
Batting: LHB Andrew Alvarado
|
0-0: Called Strike 0-1: Foul Ball, location: 2F 0-2: DOUBLE (Line Drive, 7LS) Howard Parker to third Runner from 3rd tries for Home, SAFE, no throw or cutoff
|
Batting: LHB Bob Martin
|
0-0: Ground out 2-3 (Groundball, 2L) Andrew Alvarado to third
|
Batting: SHB Chris Bennis
|
0-0: Called Strike 0-1: Fly out, F8 (Flyball, 8LD)
|
Top of the 1st over - 1 run(s), 2 hit(s), 0 error(s), 1 left on base; Nassau 1 - New Orleans 0 |
BOTTOM OF THE 1ST |
New Orleans Looters batting - Pitching for Nassau Rockets : RHP Valentín Luna
|
Pitching: RHP Valentín Luna
|
|
Batting: LHB Francisco Vega
|
0-0: Ball 1-0: Fly out, F8 (Flyball, 8LM)
|
Batting: RHB Stephen Shaw
|
0-0: Ball 1-0: Ball 2-0: Ball 3-0: Called Strike 3-1: Ground out 6-3 (Groundball, 6M)
|
Batting: LHB Taylor Smith
|
0-0: Foul Ball, location: 2F 0-1: Ball 1-1: SINGLE (Groundball, 34S)
|
Batting: RHB Francisco Ibarra
|
0-0: Ball 1-0: Ball 2-0: SINGLE (Line Drive, 8RS) Taylor Smith to second Runner from 2nd tries for 3rd, SAFE, throw made to third
|
Batting: SHB Nate Rhodes
|
0-0: Ball 1-0: Swinging Strike 1-1: Fly out, F7 (Line Drive, 78D)
|
Bottom of the 1st over - 0 run(s), 2 hit(s), 0 error(s), 2 left on base; Nassau 1 - New Orleans 0 |
TOP OF THE 2ND |
Nassau Rockets batting - Pitching for New Orleans Looters : RHP Marty Bradford
|
Batting: LHB Phil Smith
|
0-0: Ball 1-0: Ball 2-0: Called Strike 2-1: Swinging Strike 2-2: Foul Ball, location: 2F 2-2: Fly out, F7 (Flyball, 7M)
|
Batting: RHB José Hernández
|
0-0: Called Strike 0-1: Foul Ball, location: 2F 0-2: Strikes out swinging
|
Batting: RHB Yaichiro Sugahara
|
0-0: Ball 1-0: Ball 2-0: Ball 3-0: Called Strike 3-1: Foul Ball, location: 2F 3-2: Strikes out swinging
|
Top of the 2nd over - 0 run(s), 0 hit(s), 0 error(s), 0 left on base; Nassau 1 - New Orleans 0 |
BOTTOM OF THE 2ND |
New Orleans Looters batting - Pitching for Nassau Rockets : RHP Valentín Luna
|
Batting: LHB Luis Sánchez
|
0-0: Ball 1-0: Ball 2-0: Foul Ball, location: 2F 2-1: Fly out, F4 (Popup, 34)
|
Batting: RHB José Mora
|
0-0: Ball 1-0: Foul Ball, location: 2F 1-1: Foul Ball, location: 2F 1-2: Ground out 1-3 (Groundball, 15)
|
Batting: RHB Dave O'Loan
|
0-0: Ball 1-0: Foul Ball, location: 2F 1-1: Foul Ball, location: 2F 1-2: Ball 2-2: Foul Ball, location: 2F 2-2: SINGLE (Line Drive, 7S)
|
Batting: RHB John Anderson
|
0-0: Ball 1-0: Called Strike 1-1: Called Strike 1-2: Fielders Choice at 2nd, 6-4 (Groundball, 6)
|
Bottom of the 2nd over - 0 run(s), 1 hit(s), 0 error(s), 0 left on base; Nassau 1 - New Orleans 0 |
TOP OF THE 3RD |
Nassau Rockets batting - Pitching for New Orleans Looters : RHP Marty Bradford
|
Batting: RHB Pete Harvey
|
0-0: SINGLE (Flyball, 7LM)
|
Batting: SHB Howard Parker
|
0-0: Fly out, F6 (Popup, 6MD)
|
Batting: LHB Rafael Delgado
|
0-0: Foul Ball, location: 2F 0-1: Ball 1-1: Ball 2-1: SINGLE (Groundball, 34D) (infield hit) Pete Harvey to second
|
Batting: LHB Andrew Alvarado
|
0-0: Ball 1-0: Ground out 6-3 (Groundball, 6MS) Pete Harvey to third Rafael Delgado to second
|
Batting: LHB Bob Martin
|
0-0: Called Strike 0-1: Called Strike 0-2: 3-RUN HOME RUN (Flyball, 89XD), Distance : 404 ft
|
Batting: SHB Chris Bennis
|
0-0: Swinging Strike 0-1: Ball 1-1: Ball 2-1: SINGLE (Line Drive, 7S)
|
Batting: LHB Phil Smith
|
0-0: Called Strike 0-1: SINGLE (Flyball, 7LS) Chris Bennis to second
|
Batting: RHB José Hernández
|
0-0: Swinging Strike 0-1: Foul Ball, location: 2F 0-2: Strikes out swinging
|
Top of the 3rd over - 3 run(s), 5 hit(s), 0 error(s), 2 left on base; Nassau 4 - New Orleans 0 |
BOTTOM OF THE 3RD |
New Orleans Looters batting - Pitching for Nassau Rockets : RHP Valentín Luna
|
Batting: LHB Francisco Vega
|
0-0: Swinging Strike 0-1: Swinging Strike 0-2: Foul Ball, location: 2F 0-2: Ball 1-2: Ground out 4-3 (Groundball, 4)
|
Batting: RHB Stephen Shaw
|
0-0: Ball 1-0: SINGLE (Groundball, 15S) (infield hit)
|
Batting: LHB Taylor Smith
|
0-0: Fly out, F8 (Flyball, 8RXD)
|
Batting: RHB Francisco Ibarra
|
0-0: Ball 1-0: Ball 2-0: Foul Ball, location: 2F 2-1: Ball 3-1: Ground out 6-3 (Groundball, 6)
|
Bottom of the 3rd over - 0 run(s), 1 hit(s), 0 error(s), 1 left on base; Nassau 4 - New Orleans 0 |
TOP OF THE 4TH |
Nassau Rockets batting - Pitching for New Orleans Looters : RHP Marty Bradford
|
Batting: RHB Yaichiro Sugahara
|
0-0: Ball 1-0: Called Strike 1-1: Swinging Strike 1-2: Ball 2-2: Strikes out swinging
|
Batting: RHB Pete Harvey
|
0-0: Fly out, F9 (Flyball, 9M)
|
Batting: SHB Howard Parker
|
0-0: Called Strike 0-1: Ball 1-1: DOUBLE (Line Drive, 7LM)
|
Batting: LHB Rafael Delgado
|
0-0: Swinging Strike 0-1: Ground out 6-3 (Groundball, 6D)
|
Top of the 4th over - 0 run(s), 1 hit(s), 0 error(s), 1 left on base; Nassau 4 - New Orleans 0 |
BOTTOM OF THE 4TH |
New Orleans Looters batting - Pitching for Nassau Rockets : RHP Valentín Luna
|
Batting: SHB Nate Rhodes
|
0-0: Fly out, F8 (Flyball, 78M)
|
Batting: LHB Luis Sánchez
|
0-0: Called Strike 0-1: Ball 1-1: Foul Ball, location: 2F 1-2: Fly out, F7 (Flyball, 7M)
|
Batting: RHB José Mora
|
0-0: Called Strike 0-1: Ball 1-1: Foul Ball, location: 2F 1-2: Ball 2-2: Strikes out looking
|
Bottom of the 4th over - 0 run(s), 0 hit(s), 0 error(s), 0 left on base; Nassau 4 - New Orleans 0 |
TOP OF THE 5TH |
Nassau Rockets batting - Pitching for New Orleans Looters : RHP Marty Bradford
|
Batting: LHB Andrew Alvarado
|
0-0: Ball 1-0: Swinging Strike 1-1: Called Strike 1-2: Strikes out swinging
|
Batting: LHB Bob Martin
|
0-0: Called Strike 0-1: Swinging Strike 0-2: Ball 1-2: Strikes out swinging
|
Batting: SHB Chris Bennis
|
0-0: Ball 1-0: Foul Ball, location: 2F 1-1: Foul Ball, location: 2F 1-2: Ball 2-2: Foul Ball, location: 2F 2-2: Foul Ball, location: 2F 2-2: Fly out, F8 (Flyball, 8LD)
|
Top of the 5th over - 0 run(s), 0 hit(s), 0 error(s), 0 left on base; Nassau 4 - New Orleans 0 |
BOTTOM OF THE 5TH |
New Orleans Looters batting - Pitching for Nassau Rockets : RHP Valentín Luna
|
Batting: RHB Dave O'Loan
|
0-0: SOLO HOME RUN (Flyball, 7LD), Distance : 349 ft
|
Batting: RHB John Anderson
|
0-0: Called Strike 0-1: Ball 1-1: Fly out, F8 (Flyball, 8RM)
|
Batting: LHB Francisco Vega
|
0-0: Ball 1-0: Foul Ball, location: 2F 1-1: Ball 2-1: Ball 3-1: Foul Ball, location: 2F 3-2: Base on Balls
|
Batting: RHB Stephen Shaw
|
0-0: Ball 1-0: Called Strike 1-1: Foul Ball, location: 2F 1-2: Fly out, F7 (Line Drive, 7M)
|
Batting: LHB Taylor Smith
|
0-0: Ball 1-0: Called Strike 1-1: Ball 2-1: Foul Ball, location: 2F 2-2: Ball Francisco Vega steals 2nd base 3-2: SINGLE (Line Drive, 78S) Francisco Vega to third Francisco Vega scores
|
Batting: RHB Francisco Ibarra
|
0-0: Ball 1-0: Foul Ball, location: 2F 1-1: SINGLE (Groundball, 56D) Taylor Smith to second
|
Batting: SHB Nate Rhodes
|
0-0: Swinging Strike 0-1: Foul Ball, location: 2F 0-2: Ball 1-2: Fly out, F8 (Flyball, 8RM)
|
Bottom of the 5th over - 2 run(s), 3 hit(s), 0 error(s), 2 left on base; Nassau 4 - New Orleans 2 |
TOP OF THE 6TH |
Nassau Rockets batting - Pitching for New Orleans Looters : RHP Marty Bradford
|
Batting: LHB Phil Smith
|
0-0: Ball 1-0: Foul Ball, location: 2F 1-1: Ball 2-1: Foul Ball, location: 2F 2-2: SINGLE (Line Drive, 4)
|
Batting: RHB José Hernández
|
0-0: Called Strike 0-1: Ball 1-1: Ball 2-1: SINGLE (Groundball, 6M) Phil Smith to second
|
Batting: RHB Yaichiro Sugahara
|
0-0: Ball 1-0: Ball 2-0: Ball 3-0: Called Strike 3-1: Foul Ball, location: 2F 3-2: Foul Ball, location: 2F 3-2: Grounds into double play, 5-4-3 (Groundball, 5) Phil Smith to third
|
Batting: RHB Pete Harvey
|
0-0: Called Strike 0-1: Ball 1-1: Swinging Strike 1-2: Foul Ball, location: 2F 1-2: Ground out 6-3 (Groundball, 6)
|
Top of the 6th over - 0 run(s), 2 hit(s), 0 error(s), 1 left on base; Nassau 4 - New Orleans 2 |
BOTTOM OF THE 6TH |
New Orleans Looters batting - Pitching for Nassau Rockets : RHP Valentín Luna
|
Batting: LHB Luis Sánchez
|
0-0: Foul Ball, location: 2F 0-1: DOUBLE (Flyball, 7LD)
|
Batting: RHB José Mora
|
0-0: Ground out 6-3 (Groundball, 6)
|
Batting: RHB Dave O'Loan
|
0-0: SINGLE (Line Drive, 6D) Luis Sánchez to third
|
Batting: RHB John Anderson
|
0-0: Foul Ball, location: 2F 0-1: Called Strike 0-2: Fly out, F7 (Popup, 78S)
|
Batting: LHB Francisco Vega
|
0-0: Fly out, F9 (Flyball, 89M)
|
Bottom of the 6th over - 0 run(s), 2 hit(s), 0 error(s), 2 left on base; Nassau 4 - New Orleans 2 |
TOP OF THE 7TH |
Nassau Rockets batting - Pitching for New Orleans Looters : RHP Marty Bradford
|
Pitching: LHP Tadao Yoshida
|
|
Batting: SHB Howard Parker
|
0-0: Foul Ball, location: 2F 0-1: Foul Ball, location: 2F 0-2: Ball 1-2: Foul Ball, location: 2F 1-2: Ball 2-2: Strikes out looking
|
Batting: LHB Rafael Delgado
|
0-0: Swinging Strike 0-1: Foul Ball, location: 2F 0-2: Strikes out swinging
|
Batting: LHB Andrew Alvarado
|
0-0: Ground out 4-3 (Groundball, 34)
|
Top of the 7th over - 0 run(s), 0 hit(s), 0 error(s), 0 left on base; Nassau 4 - New Orleans 2 |
BOTTOM OF THE 7TH |
New Orleans Looters batting - Pitching for Nassau Rockets : RHP Valentín Luna
|
Batting: RHB Stephen Shaw
|
0-0: Ball 1-0: Called Strike 1-1: Called Strike 1-2: Ball 2-2: Foul Ball, location: 2F 2-2: Ground out 5-3 (Groundball, 5L)
|
Batting: LHB Taylor Smith
|
0-0: Called Strike 0-1: Ball 1-1: Ball 2-1: Called Strike 2-2: Ball 3-2: Fly out, F7 (Flyball, 78D)
|
Batting: RHB Francisco Ibarra
|
0-0: Ball 1-0: Ground out 4-3 (Groundball, 4)
|
Bottom of the 7th over - 0 run(s), 0 hit(s), 0 error(s), 0 left on base; Nassau 4 - New Orleans 2 |
TOP OF THE 8TH |
Nassau Rockets batting - Pitching for New Orleans Looters : LHP Tadao Yoshida
|
Batting: LHB Bob Martin
|
0-0: Foul Ball, location: 2F 0-1: Swinging Strike 0-2: Ball 1-2: Strikes out looking
|
Batting: SHB Chris Bennis
|
0-0: Swinging Strike 0-1: Ball 1-1: Ball 2-1: Ball 3-1: Fly out, F9 (Flyball, 9M)
|
Batting: LHB Phil Smith
|
0-0: Ball 1-0: Fly out, F8 (Flyball, 8RD)
|
Top of the 8th over - 0 run(s), 0 hit(s), 0 error(s), 0 left on base; Nassau 4 - New Orleans 2 |
BOTTOM OF THE 8TH |
New Orleans Looters batting - Pitching for Nassau Rockets : RHP Valentín Luna
|
Pitching: RHP José García
|
|
Batting: SHB Nate Rhodes
|
0-0: Ball 1-0: Called Strike 1-1: Ball 2-1: DOUBLE (Line Drive, 7LS)
|
Pitching: LHP Kai-ge Hui
|
|
Batting: LHB Luis Sánchez
|
0-0: Ground out 4-3 (Groundball, 4) Nate Rhodes to third
|
Pitching: RHP Terry Adams
|
|
Batting: RHB José Mora
|
0-0: Ball 1-0: SINGLE (Groundball, 6D) Nate Rhodes scores
|
Pitching: RHP Colm Stewart
|
|
Pinch Hitting: SHB Zach Franks
|
0-0: Ball 1-0: Foul Ball, location: 2F 1-1: Foul Ball, location: 2F 1-2: Strikes out swinging
|
Batting: RHB John Anderson
|
0-0: Ball 1-0: Ball 2-0: DOUBLE (Flyball, 89D) José Mora to third
|
Batting: LHB Francisco Vega
|
0-0: Ball 1-0: Ball 2-0: Swinging Strike 2-1: Ball 3-1: Ground out 4-3 (Groundball, 13)
|
Bottom of the 8th over - 1 run(s), 3 hit(s), 0 error(s), 2 left on base; Nassau 4 - New Orleans 3 |
TOP OF THE 9TH |
Nassau Rockets batting - Pitching for New Orleans Looters : LHP Tadao Yoshida
|
Pitching: LHP Juan Méndez
|
|
Now at SS: Tim Gardner
|
|
Batting: RHB José Hernández
|
0-0: Ground out 4-3 (Groundball, 34)
|
Batting: RHB Yaichiro Sugahara
|
0-0: Ball 1-0: Ball 2-0: Foul Ball, location: 2F 2-1: Called Strike 2-2: Strikes out looking
|
Batting: RHB Pete Harvey
|
0-0: Fly out, F4 (Line Drive, 4)
|
Top of the 9th over - 0 run(s), 0 hit(s), 0 error(s), 0 left on base; Nassau 4 - New Orleans 3 |
BOTTOM OF THE 9TH |
New Orleans Looters batting - Pitching for Nassau Rockets : RHP Colm Stewart
|
Pitching: RHP Brad Sharpe
|
|
Batting: RHB Stephen Shaw
|
0-0: Ball 1-0: Ball 2-0: Ground out 5-3 (Groundball, 56)
|
Batting: LHB Taylor Smith
|
0-0: Called Strike 0-1: Ball 1-1: Ball 2-1: Ball 3-1: Fly out, F9 (Flyball, 89M)
|
Batting: RHB Francisco Ibarra
|
0-0: Called Strike 0-1: Swinging Strike 0-2: Ball 1-2: Foul Ball, location: 2F 1-2: Fly out, F8 (Flyball, 8RD)
|
Bottom of the 9th over - 0 run(s), 0 hit(s), 0 error(s), 0 left on base; Nassau 4 - New Orleans 3 |
|